[Event "Titled Tuesday Blitz October 04 Late 2022"]
[White "Morefield, Jason"]
[Black "Kamsky, Gata"]
[WhiteFideId "30920825"]
[BlackFideId "2000024"]
[WhiteElo "2171"]
[BlackElo "2666"]
[Result "0-1"]
[Round "04"]
[TimeControl "180+1"]
[Date "2022.10.04"]
[WhiteClock "0:00:30"]
[BlackClock "0:01:43"]

1. e4 c5 2. Nf3 e6 3. d4 cxd4 4. Nxd4 a6 5. Bd3 Bc5 6. Nb3 Ba7 7. Qe2 d6 8. Be3 Bxe3 9. Qxe3 e5 10. O-O Nf6 11. a4 O-O 12. a5 Be6 13. Nc3 Nc6 14. Rfd1 Bxb3 15. cxb3 Nxa5 16. b4 Nb3 17. Ra3 Nd4 18. Ne2 Qb6 19. Nxd4 exd4 20. Qd2 Rfe8 21. Re1 Rac8 22. Ra5 Re5 23. f4 Re7 24. e5 Rce8 25. Bc4 Ng4 26. Re4 d3+ 0-1


[Site "https://www.chess.com"]

[Event "Titled Tuesday Blitz October 04 Late 2022"]
[White "Naroditsky, Daniel"]
[Black "Postnikov, Daniil"]
[WhiteFideId "2026961"]
[BlackFideId "4166329"]
[WhiteElo "2628"]
[BlackElo "2261"]
[Result "1-0"]
[Round "04"]
[TimeControl "180+1"]
[Date "2022.10.04"]
[WhiteClock "0:00:11"]
[BlackClock "0:00:14"]

1. c4 e5 2. Nc3 Bb4 3. Nd5 Be7 4. d4 exd4 5. Qxd4 Nf6 6. Nxe7 Qxe7 7. Bg5 Nc6 8. Qc3 d6 9. e3 Bf5 10. Nf3 O-O-O 11. Be2 Qe6 12. Bxf6 gxf6 13. b4 Rhg8 14. b5 Ne5 15. Nd4 Qd7 16. g3 Bh3 17. O-O-O Kb8 18. Rd2 c5 19. bxc6 Nxc6 20. Bf3 Ne5 21. Bd5 Rc8 22. Rc2 Nxc4 23. Bxc4 d5 24. Bb5 Rxc3 25. Bxd7 Rxc2+ 26. Kxc2 Bxd7 27. Kd2 Rc8 28. Rb1 Kc7 29. h4 a6 30. Rb4 b5 31. Ne2 Kd6 32. Rf4 Ke5 33. Nd4 a5 34. Nf3+ Ke6 35. Nd4+ Ke7 36. Nb3 a4 37. Nc1 Rc4 38. Nd3 Rxf4 39. Nxf4 Kd6 40. Kc3 Kc5 41. Nd3+ Kd6 42. Kd4 Be8 43. a3 Bc6 44. Nb4 Bb7 45. Na2 Bc6 46. Nc3 h5 47. f3 f5 48. f4 f6 49. Na2 Bd7 50. Nb4 Bc6 51. Nd3 Ba8 52. Ne1 Bc6 53. Nc2 Bd7 54. Kc3 Bc6 55. Kb4 Bd7 56. Nd4 Kc7 57. Kc5 b4 58. Kxb4 Kd6 59. Nb5+ Bxb5 60. Kxb5 d4 61. exd4 Kd5 62. Kxa4 Kxd4 63. Kb5 Ke3 64. a4 Kf3 65. a5 Kxg3 66. a6 Kxh4 67. a7 Kg3 68. a8=Q h4 69. Qh1 h3 70. Kc4 Kxf4 71. Qxh3 1-0


[Site "https://www.chess.com"]

[Event "Titled Tuesday Blitz October 04 Late 2022"]
[White "Nasuta, Grzegorz"]
[Black "Kravtsiv, Martyn"]
[WhiteFideId "1141686"]
[BlackFideId "14113147"]
[WhiteElo "2442"]
[BlackElo "2694"]
[Result "1/2-1/2"]
[Round "04"]
[TimeControl "180+1"]
[Date "2022.10.04"]
[WhiteClock "0:00:04"]
[BlackClock "0:00:09"]

1. e4 e5 2. Nf3 Nc6 3. Bc4 Nf6 4. d3 Bc5 5. O-O O-O 6. h3 d6 7. c3 a6 8. Bb3 Ba7 9. Re1 h6 10. Nbd2 Nh5 11. Nf1 Qf6 12. Be3 Bxe3 13. fxe3 g6 14. Kh2 Be6 15. g4 Bxb3 16. axb3 Ng7 17. Ng3 Kh7 18. Rf1 Qe7 19. Qe2 Rae8 20. Rf2 Nd8 21. Raf1 Nde6 22. b4 b6 23. Nd2 Qh4 24. Nf3 Qe7 25. Nd2 Ra8 26. Ra1 a5 27. bxa5 Rxa5 28. Rxa5 bxa5 29. Nc4 a4 30. Qf1 Kg8 31. Nf5 Qg5 32. h4 Qd8 33. Nxh6+ Kh7 34. g5 f6 35. Rxf6 Rxf6 36. Qxf6 Qxf6 37. gxf6 Kxh6 38. fxg7 Kxg7 39. Kg3 Nc5 40. d4 exd4 41. exd4 Nxe4+ 42. Kf4 Nf2 43. Ke3 Ng4+ 44. Kf4 Nf6 45. Ne3 Kf7 46. d5 Nd7 47. Kg5 Ne5 48. Kh6 Kf6 49. h5 gxh5 50. Kxh5 Nd3 51. Nc4 Kf5 52. Kh6 Ke4 53. Kg6 Kxd5 54. Ne3+ Ke4 55. Nd1 Kf3 56. c4 Ke4 57. Nc3+ Kd4 58. Nxa4 Kxc4 59. Kf5 Kb3 60. Nc3 Nxb2 61. Nb5 c5 62. Nxd6 Nc4 63. Ne4 Ne3+ 64. Kf4 Ng2+ 65. Kg3 c4 66. Kxg2 c3 67. Nxc3 1/2-1/2


[Site "https://www.chess.com"]

[Event "Titled Tuesday Blitz October 04 Late 2022"]
[White "Nepomniachtchi, Ian"]
[Black "Zhigalko, Sergei"]
[WhiteFideId "4168119"]
[BlackFideId "13502956"]
[WhiteElo "2781"]
[BlackElo "2662"]
[Result "1-0"]
[Round "04"]
[TimeControl "180+1"]
[Date "2022.10.04"]
[WhiteClock "0:00:14"]
[BlackClock "0:00:04"]

1. d4 Nf6 2. c4 e6 3. Nf3 b6 4. g3 Ba6 5. Qc2 Bb4+ 6. Nbd2 Bb7 7. Bg2 Be4 8. Qb3 Bxd2+ 9. Bxd2 O-O 10. O-O d6 11. Rfe1 Nbd7 12. Bf1 a5 13. Ng5 Bb7 14. f3 c5 15. Bc3 h6 16. Nh3 cxd4 17. Bxd4 e5 18. Bf2 Nc5 19. Qc3 e4 20. Rad1 Re8 21. Bd4 Ncd7 22. Nf2 Rc8 23. b3 b5 24. Bh3 b4 25. Qb2 exf3 26. Bxf6 Nxf6 27. Bxc8 Qxc8 28. Rxd6 Ng4 29. Qd4 Ne5 30. e4 f6 31. Rd1 Kh7 32. Qe3 Qc7 33. Qf4 a4 34. Qf5+ Kg8 35. Rd7 Nxd7 36. Rxd7 Qc6 37. Rd4 Bc8 38. Qxf3 axb3 39. axb3 Bb7 40. Qf5 Qa6 41. Qd7 Rf8 42. Kg2 Kh8 43. Qd6 Qa8 44. Qxb4 f5 45. Qa4 fxe4 46. Qxa8 Bxa8 47. Nxe4 Rb8 48. c5 Kh7 49. b4 Rb7 50. Kf3 Rf7+ 51. Ke3 Bc6 52. Nd6 Rf3+ 53. Kd2 Rb3 54. Kc2 Ba4 55. Kd2 Bc6 56. Nf5 Kg8 57. Ne7+ Kf7 58. Nxc6 1-0


[Site "https://www.chess.com"]

[Event "Titled Tuesday Blitz October 04 Late 2022"]
[White "Paravyan, David"]
[Black "Pacan-Milej, Kosma"]
[WhiteFideId "4194985"]
[BlackFideId "21800537"]
[WhiteElo "2555"]
[BlackElo "2302"]
[Result "0-1"]
[Round "04"]
[TimeControl "180+1"]
[Date "2022.10.04"]
[WhiteClock "0:00:07"]
[BlackClock "0:00:20"]

1. e4 c6 2. d4 d5 3. e5 Bf5 4. h4 h5 5. Bd3 Bxd3 6. Qxd3 e6 7. Bg5 Qa5+ 8. Nd2 Qa6 9. c4 Bb4 10. b3 Ne7 11. Ne2 Nf5 12. O-O c5 13. dxc5 Nc6 14. Nf4 Nxe5 15. Qe2 Bxd2 16. Nxd5 exd5 17. Qxe5+ Qe6 18. Qxe6+ fxe6 19. Bxd2 dxc4 20. Bg5 O-O 21. bxc4 Rac8 22. Rab1 Rf7 23. Rb5 a6 24. Ra5 Rfc7 25. Rb1 Rxc5 26. Rxc5 Rxc5 27. Rxb7 Rxc4 28. Rb6 Ra4 29. Rxe6 Rxa2 30. Re5 g6 31. Re6 Kf7 32. Rf6+ Kg7 33. Rb6 a5 34. Rb7+ Kg8 35. Ra7 a4 36. Bf6 a3 37. g3 Kf8 38. Bc3 Kg8 39. Kf1 Kf8 40. Bb4+ Kg8 41. Bxa3 Nd4 42. Bc5 Rxa7 43. Bxa7 Nf5 44. Ke2 Kf7 45. Kd3 Ke6 46. Bb8 Kd5 47. Ke2 Ke4 48. Ba7 Nd6 49. f3+ Kf5 50. Bc5 Nc4 51. Bd4 Nd6 52. Ke3 Nc4+ 53. Kd3 Nd6 54. Bb2 Nf7 55. Ke3 Nd6 56. Bc3 Nf7 57. Bb4 Ne5 58. Bc5 Nc4+ 59. Kd3 Ne5+ 60. Ke2 Nc4 61. Ba7 Ne5 62. Bb8 Nc4 63. Kd3 Nb6 64. Kd4 Nd7 65. Bf4 Nf6 66. Bg5 Nd7 67. Kd5 Ne5 68. Kd4 Nxf3+ 69. Ke3 Nxg5 70. hxg5 Kxg5 71. Kf3 Kf5 72. Kf2 Kg4 73. Kg2 g5 74. Kh2 h4 75. gxh4 Kxh4 76. Kg2 Kg4 77. Kf2 Kh3 78. Kf1 Kh2 79. Kf2 g4 0-1


[Site "https://www.chess.com"]

[Event "Titled Tuesday Blitz October 04 Late 2022"]
[White "Pichot, Alan"]
[Black "Sorokin, Aleksey"]
[WhiteFideId "110973"]
[BlackFideId "24176460"]
[WhiteElo "2578"]
[BlackElo "2476"]
[Result "1/2-1/2"]
[Round "04"]
[TimeControl "180+1"]
[Date "2022.10.04"]
[WhiteClock "0:00:04"]
[BlackClock "0:00:09"]

1. e4 c5 2. Nf3 d6 3. Bb5+ Nd7 4. a4 Nf6 5. Nc3 g6 6. O-O Bg7 7. a5 a6 8. Be2 O-O 9. d3 Nb8 10. e5 dxe5 11. Nxe5 Be6 12. Bf3 Qc8 13. Bf4 Nbd7 14. Nc4 Ra7 15. Re1 Re8 16. Na4 Nd5 17. Nab6 N7xb6 18. axb6 Ra8 19. Bg3 Qd7 20. Be5 Bxe5 21. Rxe5 Rad8 22. Qe1 Nb4 23. Ne3 Qd6 24. Qc3 Qxb6 25. Qxc5 Qxc5 26. Rxc5 b5 27. Kf1 Rc8 28. Rxc8 Rxc8 29. Bd1 Rc6 30. Ke1 Kg7 31. Kd2 Rd6 32. Bf3 f5 33. g3 Bf7 34. Kc3 Na2+ 35. Kd2 Nb4 36. Kc3 Na2+ 37. Rxa2 Bxa2 38. b3 e5 39. Kb2 e4 40. Be2 Bxb3 41. Kxb3 Kf6 42. Kc3 Ke5 43. f4+ Kf6 44. dxe4 fxe4 45. h4 Rc6+ 46. Kd4 Re6 47. g4 Ke7 48. f5 gxf5 49. gxf5 Rc6 50. Kxe4 Kd6 51. f6 Ke6 52. Nd5 Rxc2 53. Bg4+ Kf7 54. Bh5+ Kf8 55. Nf4 Rf2 56. Ne6+ Kg8 57. f7+ Rxf7 58. Bxf7+ Kxf7 59. Nc7 Kg6 60. Kf4 b4 61. Nd5 b3 62. Nc3 a5 63. Kg4 Kf6 64. Kh5 Kg7 65. Kg5 h6+ 66. Kf5 Kf7 67. h5 Kg7 68. Ke6 Kh7 69. Kd5 Kg7 70. Ke5 b2 71. Kf5 a4 72. Nb1 Kf7 73. Ke5 Ke7 74. Kf5 Kf7 75. Ke5 Ke7 76. Kf5 Kf7 1/2-1/2


[Site "https://www.chess.com"]

[Event "Titled Tuesday Blitz October 04 Late 2022"]
[White "Rasulov, Vugar"]
[Black "Martinez Alcantara, Jose Eduardo"]
[WhiteFideId "13402390"]
[BlackFideId "3805662"]
[WhiteElo "2509"]
[BlackElo "2703"]
[Result "0-1"]
[Round "04"]
[TimeControl "180+1"]
[Date "2022.10.04"]
[WhiteClock "0:00:18"]
[BlackClock "0:00:37"]

1. d4 Nf6 2. c4 e6 3. Nf3 Bb4+ 4. Nbd2 b6 5. g3 Bb7 6. Bg2 O-O 7. O-O a5 8. Ne5 Bxg2 9. Kxg2 d6 10. Nd3 Bxd2 11. Bxd2 Nbd7 12. Bg5 Qb8 13. f3 c5 14. dxc5 bxc5 15. e4 h6 16. Bxf6 Nxf6 17. Qe2 e5 18. Nf2 a4 19. Rfd1 Ra6 20. Rd2 Re8 21. Nd1 Nh7 22. Nc3 Nf8 23. Qd1 a3 24. b3 Ne6 25. Nb5 Nd4 26. Nxd4 exd4 27. Re2 Ra7 28. Qd3 Rae7 29. Rae1 Qb4 30. Kf2 g6 31. Qd2 Qxd2 32. Rxd2 f5 33. Rde2 fxe4 34. fxe4 Kg7 35. Kf3 Kf6 36. Rf2 Kg7 37. Rfe2 h5 38. h4 Rf7+ 39. Kg2 Re5 40. Rf2 Rfe7 41. Rf4 R5e6 42. Kf3 Re5 43. Rd1 R7e6 44. Rg1 Rf6 45. Rb1 Re7 46. b4 Rb7 47. b5 Kf7 48. Rb3 Ra7 49. Ke2 Ke6 50. Rbf3 Rxf4 51. gxf4 Ra4 52. Rg3 Rxc4 53. Rxg6+ Kd7 54. Rg7+ Kc8 55. Kd2 Rb4 56. f5 Kd8 57. f6 Ke8 58. Rb7 c4 59. b6 Rb2+ 60. Kc1 c3 61. Re7+ Kf8 62. b7 d3 63. Rc7 d2+ 64. Kd1 Rb1+ 0-1


[Site "https://www.chess.com"]

[Event "Titled Tuesday Blitz October 04 Late 2022"]
[White "Sokolovsky, Yahli"]
[Black "Melkumyan, Hrant"]
[WhiteFideId "2820242"]
[BlackFideId "13302485"]
[WhiteElo "2316"]
[BlackElo "2604"]
[Result "0-1"]
[Round "04"]
[TimeControl "180+1"]
[Date "2022.10.04"]
[WhiteClock "0:00:04"]
[BlackClock "0:00:35"]

1. b3 d5 2. Bb2 Nf6 3. e3 g6 4. Nf3 Bg7 5. d4 O-O 6. Be2 Bf5 7. O-O Ne4 8. c4 c6 9. Nc3 Nxc3 10. Bxc3 Nd7 11. Rc1 Nf6 12. Nd2 a5 13. Re1 Qb6 14. Bf1 Rfd8 15. c5 Qc7 16. f3 e5 17. dxe5 Nd7 18. e6 Bxe6 19. Bxg7 Kxg7 20. f4 Nf6 21. Nf3 Bg4 22. Qd4 Bxf3 23. gxf3 Qe7 24. Bh3 Kg8 25. Kh1 Re8 26. Rc2 Nh5 27. Rce2 Qf6 28. Rd1 Kg7 29. Bg4 Nxf4 30. Ree1 Qxd4 31. Rxd4 Ne6 32. Bxe6 Rxe6 33. Kg2 Re5 34. Ra4 Rae8 35. Kf2 Rh5 36. Rh1 Rhe5 37. Re1 d4 38. Rxd4 Rxc5 39. Rd7 b5 40. Ra7 b4 41. Re2 Re6 42. Rd2 Rh5 43. Rdd7 Rf6 44. Kg3 Rg5+ 45. Kf2 Rc5 46. Rd2 Rcf5 47. f4 Re6 48. Rdd7 g5 49. Kf3 gxf4 50. exf4 Ref6 51. Rd4 Rc5 52. Rdd7 Rc3+ 53. Ke4 Rc2 54. Rxa5 Re2+ 55. Kf3 Rxh2 56. Rg5+ Rg6 57. Rf5 Rh3+ 58. Ke4 Re6+ 59. Kd4 Rf6 60. Rg5+ Kf8 61. Ke5 Re6+ 62. Kd4 Rh2 63. Rf5 Rd2+ 0-1


[Site "https://www.chess.com"]

[Event "Titled Tuesday Blitz October 04 Late 2022"]
[White "Tanenbaum, Zachary"]
[Black "Lazavik, Denis"]
[WhiteFideId "2060850"]
[BlackFideId "13515110"]
[WhiteElo "2175"]
[BlackElo "2437"]
[Result "0-1"]
[Round "04"]
[TimeControl "180+1"]
[Date "2022.10.04"]
[WhiteClock "0:00:02"]
[BlackClock "0:00:27"]

1. e4 c5 2. Nf3 e6 3. d4 cxd4 4. Nxd4 Nc6 5. Nc3 Qc7 6. g3 a6 7. Bg2 Bc5 8. Nb3 Be7 9. Bf4 d6 10. O-O Nf6 11. Re1 O-O 12. a4 Ne5 13. Nd2 b6 14. Nf3 Bb7 15. Nxe5 dxe5 16. Be3 Bb4 17. Bd2 Rfd8 18. Qe2 h6 19. Red1 Rd4 20. Be1 Rad8 21. Bf3 Bxc3 22. Bxc3 Rxd1+ 23. Rxd1 Rxd1+ 24. Qxd1 Bxe4 25. Qe2 Qb7 26. Bxe4 Nxe4 27. h4 f6 28. Qc4 Kf7 29. a5 b5 30. Qd3 Qd5 31. Qe3 Kg6 32. f3 Nd6 33. b3 Nf5 34. Qf2 e4 35. h5+ Kh7 36. fxe4 Qxe4 37. Qd2 Nxg3 38. Kf2 Nxh5 39. Qd6 Qxc2+ 40. Bd2 e5 41. b4 Nf4 42. Kf3 Qd1+ 43. Ke4 Qe2+ 44. Kf5 Qh5+ 45. Ke4 Ng2 46. Kd5 Qf3+ 47. Ke6 e4 48. Kf7 Qh5+ 49. Kf8 Nh4 50. Qd7 Ng6+ 51. Ke8 Ne5+ 0-1


[Site "https://www.chess.com"]

[Event "Titled Tuesday Blitz October 04 Late 2022"]
[White "Tang, Andrew"]
[Black "Bilych, Olexiy"]
[WhiteFideId "2059630"]
[BlackFideId "14156504"]
[WhiteElo "2581"]
[BlackElo "2320"]
[Result "0-1"]
[Round "04"]
[TimeControl "180+1"]
[Date "2022.10.04"]
[WhiteClock "0:00:01"]
[BlackClock "0:00:27"]

1. d4 Nf6 2. c4 e6 3. Nc3 Bb4 4. Qc2 O-O 5. Nf3 d5 6. Bg5 c5 7. e3 cxd4 8. Nxd4 Nbd7 9. cxd5 exd5 10. Bd3 h6 11. Bh4 Qa5 12. O-O Re8 13. Ncb5 Rb8 14. a3 Bf8 15. b4 Qb6 16. Rfd1 Ne5 17. Be2 Bd7 18. Nc3 Rbc8 19. Bxf6 Qxf6 20. Nxd5 Qh4 21. Qb3 Ng4 22. Bxg4 Bxg4 23. Rd2 Rcd8 24. f3 Qg5 25. Nf4 Bd7 26. Rad1 a5 27. bxa5 Qxa5 28. Qxb7 Ba4 29. Nb3 Rxd2 30. Rxd2 Bxb3 31. Re2 Qxa3 32. h3 Bc4 33. Re1 Rxe3 34. Rd1 Qb3 35. Qd7 Qb6 36. Kh1 Qa5 37. Qc8 Re1+ 38. Rxe1 Qxe1+ 39. Kh2 Be6 40. Qc7 Bf5 41. Qb8 Qe7 42. Qb6 Qd6 43. Qe3 g5 0-1


[Site "https://www.chess.com"]

[Event "Titled Tuesday Blitz October 04 Late 2022"]
[White "Vasquez Schroeder, Rodrigo"]
[Black "Duda, Jan-Krzysztof"]
[WhiteFideId "3400042"]
[BlackFideId "1170546"]
[WhiteElo "2577"]
[BlackElo "2779"]
[Result "0-1"]
[Round "04"]
[TimeControl "180+1"]
[Date "2022.10.04"]
[WhiteClock "0:00:20"]
[BlackClock "0:00:17"]

1. e4 c6 2. d4 d5 3. exd5 cxd5 4. Bd3 Nc6 5. c3 Qc7 6. Ne2 Bg4 7. O-O e6 8. Qe1 Bd6 9. f3 Bh5 10. Qh4 Bg6 11. Bxg6 fxg6 12. Bf4 Nge7 13. Bxd6 Qxd6 14. Qg3 Nf5 15. Qxd6 Nxd6 16. Nd2 g5 17. Nc1 b6 18. Nd3 Kd7 19. Rae1 Rhf8 20. Re2 h6 21. Rfe1 Rae8 22. h3 Rf5 23. Nf1 Nc4 24. b3 Nd6 25. Ne3 Rff8 26. Ng4 Nd8 27. Nge5+ Kc7 28. a4 Kb7 29. Nb4 Rg8 30. Ng6 Kc8 31. g4 a5 32. Nd3 Kb7 33. Kg2 Nc8 34. c4 Nc6 35. cxd5 Nxd4 36. Re4 Nxb3 37. Rxe6 Rd8 38. R6e5 Rd6 39. Ne7 Nxe7 40. Rxe7+ Ka6 41. R1e5 Rgd8 42. Rxg7 Rxd5 43. Ree7 Ra8 44. Ne5 Nc5 45. Nc6 Nxa4 46. Rg6 Rh8 47. Ree6 Kb5 48. Ne7 Rc5 49. Nf5 Rb8 50. Rxh6 Nc3 51. Nd6+ Ka6 52. Re7 a4 53. Rhh7 Ra8 54. Rc7 a3 55. Rxc5 bxc5 56. Re7 a2 57. Re1 Nb1 58. Re6 a1=Q 59. Ne4+ Kb5 60. Nd6+ Kc6 61. Nf5+ Kd7 62. Rd6+ Kc7 63. Rd1 Ra2+ 64. Kg3 Qe5+ 0-1


[Site "https://www.chess.com"]

[Event "Titled Tuesday Blitz October 04 Late 2022"]
[White "Zakhartsov, Vladimir"]
[Black "Svane, Rasmus"]
[WhiteFideId "4145097"]
[BlackFideId "4657101"]
[WhiteElo "2492"]
[BlackElo "2674"]
[Result "1-0"]
[Round "04"]
[TimeControl "180+1"]
[Date "2022.10.04"]
[WhiteClock "0:00:07"]
[BlackClock "0:00:09"]

1. e4 c6 2. Nf3 d5 3. Nc3 dxe4 4. Nxe4 Nf6 5. Nxf6+ exf6 6. Bc4 Bd6 7. Qe2+ Be7 8. d4 O-O 9. Be3 Bd6 10. h3 Nd7 11. Bb3 a5 12. a4 Nb6 13. O-O Nd5 14. Bd2 Bf5 15. Rfe1 Qd7 16. c3 Bxh3 17. gxh3 Qxh3 18. Bd1 Qg4+ 19. Kh1 Qh3+ 20. Kg1 Qg4+ 21. Kh1 Bf4 22. Nh2 Qh4 23. Bxf4 Nxf4 24. Qf3 Rae8 25. Bc2 Nh3 26. Rf1 Ng5 27. Qg4 Qxg4 28. Nxg4 Re2 29. Rac1 Rfe8 30. Ne3 Nh3 31. Nd1 Rd2 32. Kg2 Nf4+ 33. Kf3 Ne2 34. Ne3 Nxc1 35. Rxc1 h5 36. Nc4 Rde2 37. Nd6 R8e6 38. Ne4 R6xe4 39. Bxe4 Rxb2 40. c4 Rb4 41. d5 cxd5 42. cxd5 g6 43. Rd1 f5 44. Bc2 Kf8 45. d6 Ke8 46. Bd3 Rb3 47. Kg2 Kd8 48. Bb5 Rb4 49. d7 h4 50. Rc1 Rd4 51. Rc8+ Ke7 52. Re8+ Kf6 53. d8=Q+ Rxd8 54. Rxd8 g5 55. Rd6+ Ke5 56. Rb6 g4 57. Rxb7 Kf4 58. Rxf7 Kg5 59. Bd7 f4 60. Rf5+ Kg6 61. Rxf4 h3+ 1-0


[Site "https://www.chess.com"]

[Event "Titled Tuesday Blitz October 04 Late 2022"]
[White "Zierk, Steven"]
[Black "Boyer, Mahel"]
[WhiteFideId "2034255"]
[BlackFideId "45102422"]
[WhiteElo "2494"]
[BlackElo "2454"]
[Result "0-1"]
[Round "04"]
[TimeControl "180+1"]
[Date "2022.10.04"]
[WhiteClock "0:00:15"]
[BlackClock "0:00:51"]

1. d4 d5 2. c4 e6 3. Nc3 h6 4. g3 Nf6 5. Bg2 Bd6 6. cxd5 exd5 7. Bxd5 Nxd5 8. Nxd5 Bxg3 9. hxg3 Qxd5 10. Rh4 Nc6 11. e4 Qxd4 12. Be3 Qxb2 13. Rc1 Be6 14. Ne2 Rd8 15. Qa4 Qxa2 16. Qxa2 Bxa2 17. Nc3 Be6 18. f4 Nb4 19. Kf1 Nd3 20. Rb1 b6 21. Kg2 c5 22. f5 Bc4 23. Ra1 Rd7 24. e5 Nxe5 25. Re4 f6 26. Bf4 Bd3 27. Re3 Kf7 28. Bxe5 fxe5 29. Rxe5 Re8 30. Rxe8 Kxe8 31. g4 b5 32. Kf3 b4 33. Na4 b3 34. Re1+ Re7 35. Rc1 c4 36. Nb2 Re2 37. Nxc4 Bxc4 38. Rxc4 Rc2 39. Rb4 Rc3+ 40. Kf4 a5 41. Rb7 a4 42. Ke5 Re3+ 43. Kf4 Re7 44. Rb8+ Kf7 45. g5 hxg5+ 46. Kxg5 Ra7 0-1


[Site "https://www.chess.com"]

[Event "Titled Tuesday Blitz October 04 Late 2022"]
[White "Andreikin, Dmitry"]
[Black "Sokolovsky, Yahli"]
[WhiteFideId "4158814"]
[BlackFideId "2820242"]
[WhiteElo "2736"]
[BlackElo "2316"]
[Result "0-1"]
[Round "05"]
[TimeControl "180+1"]
[Date "2022.10.04"]
[WhiteClock "0:00:59"]
[BlackClock "0:00:06"]

1. Nf3 g6 2. e4 Bg7 3. d4 d6 4. Bc4 e6 5. O-O Nf6 6. Nbd2 O-O 7. Bb3 Nc6 8. c3 e5 9. Re1 Re8 10. h3 h6 11. a4 Bd7 12. a5 a6 13. dxe5 Nxe5 14. Nxe5 dxe5 15. Qf3 Bc6 16. Nf1 Qe7 17. Ng3 Rad8 18. Be3 Rd7 19. h4 Kh7 20. h5 Rdd8 21. Bc4 Bd7 22. hxg6+ fxg6 23. Qe2 Ng4 24. Nf1 Rf8 25. Rad1 Nxe3 26. Nxe3 c6 27. b4 h5 28. Ba2 Bh6 29. Nc4 Bf4 30. g3 Bg4 31. f3 Rxd1 32. Rxd1 Bxg3 33. fxg4 Rf2 34. Qxf2 Bxf2+ 35. Kxf2 Qh4+ 36. Ke2 Qh2+ 37. Kf3 Qxa2 38. Nxe5 Qe6 39. Rd7+ Kg8 40. Rd8+ Kg7 41. Nd3 Qf6+ 0-1


[Site "https://www.chess.com"]

[Event "Titled Tuesday Blitz October 04 Late 2022"]
[White "Bartel, Mateusz"]
[Black "Fishbein, Alexander"]
[WhiteFideId "1112635"]
[BlackFideId "2000377"]
[WhiteElo "2530"]
[BlackElo "2410"]
[Result "1-0"]
[Round "05"]
[TimeControl "180+1"]
[Date "2022.10.04"]
[WhiteClock "0:00:04"]
[BlackClock "0:00:02"]

1. Nf3 Nf6 2. c4 g6 3. g3 Bg7 4. Bg2 O-O 5. O-O d6 6. Nc3 Nc6 7. Rb1 a5 8. a3 e5 9. d3 Re8 10. Bg5 h6 11. Bxf6 Bxf6 12. b4 axb4 13. axb4 Bg7 14. b5 Ne7 15. Qb3 Be6 16. Nd2 c6 17. Qb4 d5 18. Nb3 e4 19. Nc5 Qa5 20. Nxe6 Qxb4 21. Rxb4 Bxc3 22. Rb3 fxe6 23. Rxc3 exd3 24. exd3 Nf5 25. bxc6 bxc6 26. cxd5 cxd5 27. Rb1 Nd4 28. Rc7 Rab8 29. Ra1 Rec8 30. Rxc8+ Rxc8 31. Bf1 Kg7 32. Ra4 Nf3+ 33. Kg2 Ne1+ 34. Kh3 Rc2 35. Ra1 Nf3 36. Kg2 Ne5 37. Re1 Kf6 38. h3 h5 39. Rd1 Nc6 40. Ra1 Nd4 41. Ra4 Nf5 42. Kg1 h4 43. gxh4 d4 44. Bg2 e5 45. Be4 Nxh4 46. Ra6+ Kg5 47. Ra5 Kf4 48. Ra6 Nf3+ 49. Bxf3 Kxf3 50. Re6 Ke2 51. Rxe5+ Kxd3 52. Rg5 Ke4 53. Rxg6 d3 54. Rd6 d2 55. Kg2 Ke5 56. Rd8 Ke4 57. h4 Kf5 58. Kg3 Rc3+ 59. f3 Rc2 60. Rd5+ Kg6 61. Kg4 Rc4+ 62. f4 Rc2 63. h5+ Kh6 64. Rd6+ Kg7 65. Kg5 Rc5+ 66. f5 Rc1 67. h6+ Kh7 68. Rd7+ Kg8 69. Rxd2 Rg1+ 70. Kf6 Kh7 71. Rd8 Ra1 72. Ke6 Ra6+ 73. Rd6 Ra1 74. f6 Kxh6 75. Kf7 1-0


[Site "https://www.chess.com"]

[Event "Titled Tuesday Blitz October 04 Late 2022"]
[White "Belous, Vladimir"]
[Black "Gubajdullin, Alexei"]
[WhiteFideId "4174003"]
[BlackFideId "4141202"]
[WhiteElo "2534"]
[BlackElo "2200"]
[Result "0-1"]
[Round "05"]
[TimeControl "180+1"]
[Date "2022.10.04"]
[WhiteClock "0:01:23"]
[BlackClock "0:01:46"]

1. Nf3 Nf6 2. c4 g6 3. Nc3 Bg7 4. e4 d6 5. d4 O-O 6. h3 Na6 7. Bg5 e5 8. d5 Qe8 9. Nd2 Bd7 10. Be2 Nc5 11. b4 Na4 12. Nxa4 Bxa4 13. Qc1 Nh5 14. Bxh5 gxh5 15. O-O f5 16. exf5 Bd7 17. f6 Bxf6 18. Ne4 Bg7 19. c5 Qg6 20. Re1 h6 21. Be7 Bxh3 22. g3 Qg4 23. Bxf8 Qf3 0-1


[Site "https://www.chess.com"]

[Event "Titled Tuesday Blitz October 04 Late 2022"]
[White "Bilych, Olexiy"]
[Black "Bluebaum, Matthias"]
[WhiteFideId "14156504"]
[BlackFideId "24651516"]
[WhiteElo "2320"]
[BlackElo "2633"]
[Result "0-1"]
[Round "05"]
[TimeControl "180+1"]
[Date "2022.10.04"]
[WhiteClock "0:00:32"]
[BlackClock "0:01:55"]

1. e4 e6 2. d4 d5 3. e5 c5 4. c3 Qa5 5. dxc5 Qc7 6. Nf3 Nc6 7. Bf4 Bxc5 8. Bd3 Nge7 9. Bg3 a6 10. O-O h6 11. Nbd2 Ba7 12. Re1 Qd8 13. Nb3 Nf5 14. Bxf5 exf5 15. Nbd4 Nxd4 16. Nxd4 O-O 17. Qf3 Bxd4 18. cxd4 Be6 19. Bf4 Rc8 20. Rac1 Qb6 21. Qd3 Qxb2 22. Rb1 Qxa2 23. Rxb7 Rc4 24. Reb1 Qa4 25. Qg3 Rxd4 0-1


[Site "https://www.chess.com"]

[Event "Titled Tuesday Blitz October 04 Late 2022"]
[White "Boyer, Mahel"]
[Black "Le, Tuan Minh"]
[WhiteFideId "45102422"]
[BlackFideId "12401153"]
[WhiteElo "2454"]
[BlackElo "2530"]
[Result "0-1"]
[Round "05"]
[TimeControl "180+1"]
[Date "2022.10.04"]
[WhiteClock "0:00:02"]
[BlackClock "0:00:20"]

1. d4 d5 2. c4 c6 3. cxd5 cxd5 4. Bf4 Nf6 5. Nc3 Nc6 6. e3 a6 7. Bd3 Bg4 8. Nge2 e6 9. Rc1 Bd6 10. f3 Bh5 11. O-O O-O 12. Na4 Bg6 13. Bxd6 Qxd6 14. Nf4 e5 15. Nxg6 hxg6 16. dxe5 Nxe5 17. Bb1 b5 18. Nc5 Rac8 19. Qd4 Rfe8 20. Rfe1 Rc6 21. a4 bxa4 22. Nxa4 Rb8 23. Rxc6 Nxc6 24. Qd2 d4 25. e4 Rb4 26. Nc3 Ne5 27. Ne2 d3 28. Nf4 Nc4 29. Qc3 d2 30. Rd1 Rxb2 31. Nd3 Qb6+ 32. Kf1 Rxb1 33. Nf2 Ne3+ 34. Ke2 Nxd1 35. Qc8+ Kh7 36. Nxd1 Qb5+ 37. Kf2 Rxd1 38. Qh3+ Nh5 39. Qxh5+ gxh5 0-1


[Site "https://www.chess.com"]

[Event "Titled Tuesday Blitz October 04 Late 2022"]
[White "Bryakin, Mikhail"]
[Black "Melikyan, Gnel"]
[WhiteFideId "4165314"]
[BlackFideId "54109990"]
[WhiteElo "2367"]
[BlackElo "2138"]
[Result "1/2-1/2"]
[Round "05"]
[TimeControl "180+1"]
[Date "2022.10.04"]
[WhiteClock "0:00:12"]
[BlackClock "0:00:16"]

1. d4 Nf6 2. Nc3 d6 3. e4 e5 4. Nf3 Nc6 5. h3 g6 6. Be3 exd4 7. Nxd4 Nxd4 8. Bxd4 Bg7 9. Bc4 O-O 10. O-O Re8 11. f3 Be6 12. Bb3 Nh5 13. Bxg7 Kxg7 14. Qd4+ Qf6 15. Qxf6+ Kxf6 16. Rfd1 Nf4 17. Kf2 g5 18. Ne2 Nxe2 19. Kxe2 Rad8 20. Kf2 h6 21. Rd2 Kg6 22. Rad1 f5 23. exf5+ Kxf5 24. Bxe6+ Rxe6 25. Rd5+ Kg6 26. c4 Rde8 27. R1d2 b6 28. b4 Re5 29. c5 bxc5 30. bxc5 dxc5 31. Rd7 R8e7 32. Rxe7 Rxe7 33. Rd5 Re6 34. Rxc5 Ra6 35. Rc2 h5 36. Ke3 Ra4 37. Rc6+ Kf5 38. g4+ hxg4 39. hxg4+ Ke5 40. Rc5+ Kf6 41. Rc6+ Ke5 42. Rg6 Ra3+ 43. Kf2 Rxa2+ 44. Kg3 c5 45. Rxg5+ Kd4 46. Rg8 c4 47. Rd8+ Ke3 48. Rc8 Kd3 49. g5 c3 50. f4 c2 51. g6 Ra1 52. Kf2 Ra6 53. Rd8+ Ke4 54. Rc8 Rxg6 55. Rxc2 Kxf4 56. Ra2 a6 57. Ra5 Re6 58. Rh5 Ke4 59. Ke2 Rd6 60. Rg5 Kd4 61. Kd2 Kc4+ 62. Kc2 Rd5 63. Rxd5 Kxd5 64. Kb3 a5 1/2-1/2


[Site "https://www.chess.com"]